[Event "Uppsala GM June 2022"]
[Site "Uppsala"]
[Date "2022.06.17"]
[Round "6.2"]
[White "Roshka, Yevgeniy"]
[Black "Von Bahr, Oskar"]
[Result "1-0"]
[ECO "E60"]
[WhiteElo "2468"]
[BlackElo "2373"]
[Annotator "TA"]
[PlyCount "85"]
[EventDate "2022.06.09"]
[EventType "tourn"]
[EventCountry "SWE"]
[SourceTitle "playchess.com"]
[Source "ChessBase"]
[SourceQuality "1"]
[TimeControl "5400+30"]

1. d4 Nf6 2. c4 g6 3. h4 c5 4. d5 b5 5. cxb5 a6 6. e3 {[%emt 0:00:03] E60: King's Indian: Unusual lines and Fianchetto Variation without Nc3.} Bg7 7. Nc3 O-O 8. Nf3 {[%emt 0:00:25] [#] The position is equal.} axb5 $146 ({Predecessor:} 8... d6 9. a4 Bg4 10. Ra3 axb5 11. Bxb5 Na6 12. e4 Nb4 13. Be2 Nd7 14. O-O Qb6 {0-1 (47) Grischuk,A (2766)-Vachier Lagrave,M (2775) Riga 2019}) 9. Bxb5 Ne4 10. Nxe4 Qa5+ 11. Nc3 Bxc3+ {[%emt 0:00:00][%mdl 64] [#] Remove Defender} 12. bxc3 Qxb5 13. h5 Ra4 (13... Qc4 $11) 14. c4 (14. hxg6 $16 fxg6 15. Ng5) 14... Qxc4 (14... Rxc4 $5 15. a4 Qb6 $14) 15. Rh4 Qc3+ 16. Bd2 Rxh4 17. Bxc3 Rh1+ 18. Kd2 Rxd1+ 19. Rxd1 d6 20. Rb1 Ba6 21. e4 Nd7 {[%emt 0:00:00] Prevents Rb6.} 22. Ke3 Rb8 23. Rxb8+ Nxb8 24. hxg6 hxg6 $11 {[%emt 0:00:00][%mdl 4096] Endgame KBN-KBN} 25. a4 f5 ({Black should try} 25... f6 $11) 26. Nh4 $14 fxe4 27. Nxg6 Kf7 28. Nf4 {[%emt 0:00:01] White is more active.} Bb7 29. Kxe4 Nd7 {[%emt 0:00:00] [#] Loses the game.} (29... Bc8 $16) 30. Ne6 $1 $18 {[%emt 0:02:52] Black must now prevent Nd8+.} Ba6 31. a5 {[%emt 0:00:57] Strongly threatening Nc7.} Bf1 32. g4 Bg2+ (32... Nb8 {was necessary.} 33. g5 Na6) 33. f3 Bf1 34. Nf4 Ba6 35. Kf5 c4 36. Ne6 Bc8 37. Ke4 {[%emt 0:00:07] aiming for f4.} Nc5+ $2 (37... Nf8 $18 38. Nc7 Nd7) 38. Nxc5 {[%emt 0:00:06] White mates.} dxc5 39. Ke5 Bb7 40. f4 Bc8 41. f5 Bb7 42. d6 exd6+ 43. Kxd6 {[%emt 0:00:02] Weighted Error Value: White=0.07 (flawless) /Black=0.44} 1-0

[Event "Uppsala GM June 2022"]
[Site "Uppsala"]
[Date "2022.06.17"]
[Round "6.4"]
[White "Peng, Li Min"]
[Black "Chatalbashev, Boris"]
[Result "1/2-1/2"]
[ECO "A58"]
[WhiteElo "2506"]
[BlackElo "2536"]
[Annotator "TA"]
[PlyCount "64"]
[EventDate "2022.06.09"]
[EventType "tourn"]
[EventCountry "SWE"]
[SourceTitle "playchess.com"]
[Source "ChessBase"]
[SourceQuality "1"]
[TimeControl "5400+30"]

1. d4 Nf6 2. c4 c5 3. d5 b5 4. cxb5 a6 5. bxa6 g6 6. Nc3 {[%emt 0:00:07] A58: Benko/Volga Gambit: Lines with 5 bxa6.} Bg7 7. e4 {[%emt 0:00:13] Threatens to win with e5.} O-O 8. a7 {[%emt 0:04:16] White is slightly better.} Rxa7 9. Nf3 e6 10. Be2 exd5 11. exd5 (11. e5 {looks sharper.} Ne4 12. Nxd5 Nc6 13. O-O) 11... d6 12. O-O Na6 13. Bb5 Nc7 14. Bc6 Bb7 15. Bf4 Nh5 16. Bg5 Qa8 17. Be7 Rc8 {[%emt 0:07:51] [#]} 18. Bd7 $146 (18. Bxd6 Bxc6 19. Bxc7 (19. dxc6 Rd8 $17) 19... Bxc3 20. dxc6 (20. bxc3 Ba4 $17) 20... Bxb2 $15) ({Predecessor:} 18. Bxb7 Rxb7 19. Bxd6 Rxb2 20. Be5 Nf4 21. Bxf4 Bxc3 22. d6 Nd5 23. Bg3 c4 24. Rb1 Rxb1 25. Qxb1 Bf6 26. d7 Rd8 {½-½ (26) Kolpakov,N (2323)-Volodarsky,Y (2339) ICCF email 2016}) 18... Rb8 {[%emt 0:00:39][%cal Rc7d5,Bc8b8,Bb8d8,Bd8d7][%mdl 32] The position is equal.} 19. Bxd6 Rd8 20. Bxc7 Rxd7 21. d6 Bc6 {[%emt 0:03:15] And now ...Nf4 would win. This bishop pair is nice.} 22. a4 Nf4 $1 (22... Raxc7 23. dxc7 Nf4 24. Qb3 (24. Qc1 Bh6 $17) 24... Rxc7 25. Nb5 Ne2+ 26. Kh1 $14) 23. Nb5 Nxg2 24. Ra3 (24. Kxg2 Raxc7 25. Nxc7 Qd8) ({Wrong is} 24. Nxa7 $2 Bxf3 25. Qb3 Nf4 $19) 24... Nf4 {[%emt 0:04:16][%cal Oa7c7] [#] aiming for ...Raxc7!} 25. Nxa7 Nh3+ $1 26. Kg2 Nf4+ 27. Kg3 Nh5+ 28. Kg2 Nf4+ $1 29. Kg1 Nh3+ $1 30. Kg2 Nf4+ 31. Kg3 Nh5+ 32. Kg2 $1 Nf4+ $1 {[%emt 0:21:31] Weighted Error Value: White=0.02 (flawless) /Black=0.01 (flawless)} 1/2-1/2

[Event "Uppsala GM June 2022"]
[Site "Uppsala"]
[Date "2022.06.17"]
[Round "6.5"]
[White "Larkin, Vladyslav"]
[Black "Sorensen, Hampus"]
[Result "1-0"]
[ECO "A13"]
[WhiteElo "2430"]
[BlackElo "2372"]
[Annotator "TA"]
[PlyCount "107"]
[EventDate "2022.06.09"]
[EventType "tourn"]
[EventCountry "SWE"]
[SourceTitle "playchess.com"]
[Source "ChessBase"]
[SourceQuality "1"]
[TimeControl "5400+30"]

1. c4 e6 2. g3 d5 3. Bg2 dxc4 4. Qa4+ Nd7 5. Qxc4 Rb8 {[%emt 0:00:31] [#]} 6. Nc3 $146 {[%emt 1:30:43] A13: English Opening: 1...e6.} ({Predecessor:} 6. Nf3 b5 7. Qc2 Bb7 8. O-O Ngf6 9. Nc3 c5 10. d3 a6 11. a4 b4 12. Nb1 Bd6 13. Nbd2 {1-0 (43) Hera,I (2598)-Shengelia,D (2522) Hungary 2019}) 6... a6 7. a4 Ne5 8. Qe4 {[%emt 0:00:00] The position is equal.} Nc6 9. Nf3 {[%emt 0:00:00] Inhibits e5.} Nf6 10. Qc4 Na5 11. Qa2 Bb4 12. Ne5 Bd6 (12... Qd6 {keeps more tension.} 13. d4 Qxd4 14. Bf4 Bd6) 13. Nc4 Nxc4 14. Qxc4 e5 15. d4 Be6 16. d5 Bd7 17. a5 O-O 18. O-O Qe7 19. h3 Rfc8 20. Rd1 h6 21. Qd3 Bc5 22. Be3 Bxe3 23. Qxe3 Ne8 24. Ne4 Nd6 25. Qa3 Bf5 26. Nxd6 cxd6 27. Rac1 Rc7 28. e4 Rxc1 29. Rxc1 Rc8 30. Rc3 Bd7 31. Qb4 Rxc3 32. bxc3 $11 {[%emt 0:00:00][%mdl 4096] Endgame KQB-KQB} Bc8 (32... Be8 $1 $11) 33. Qb6 $16 g5 (33... Kf8 $16 {keeps fighting.}) 34. c4 $18 Kg7 35. Bf1 h5 36. c5 dxc5 37. d6 Qe8 38. Qxc5 Kf6 39. Qb6 {[%emt 0:00:57] [#] aiming for d7+.} Qc6 (39... Kg7 $16 40. Be2 h4) 40. Qd8+ Kg6 41. Qh8 Qc1 $2 (41... Bd7 42. Qg8+ (42. Qxe5 Qc1 $18) 42... Kh6) 42. Qg8+ Kh6 43. Qxf7 $2 (43. h4 $18 gxh4 44. gxh4 (44. Qxf7 Bh3 $16)) 43... Bxh3 $1 $11 44. Qc4 $36 {[%emt 0:00:05][%mdl 2048] Black is under pressure.} Qa1 {[%emt 0:03:51][%mdl 8192] [#]} (44... Qe1 $11 {and Black is okay.}) 45. Kh2 $1 $18 Bxf1 (45... Qxf1 $2 46. Qxf1 Bxf1 47. d7 $18) (45... Bg4 46. Kg2 Qe1) 46. Qe6+ Kg7 47. d7 Qd4 48. Qe7+ Kg6 49. Kg1 Qxe4 50. Qd6+ {[%emt 0:00:34] White mates.} Kf7 51. Kxf1 Qb1+ 52. Kg2 Qe4+ 53. Kh2 Qf3 54. Qd5+ $4 {[%emt 0:02:04][%mdl 40960] Weighted Error Value: White=0.19 (very precise) /Black=0.61. Loss on time!?} 1-0

[Event "Uppsala GM June 2022"]
[Site "Uppsala"]
[Date "2022.06.18"]
[Round "7.1"]
[White "Nilsson, Joakim"]
[Black "Peng, Li Min"]
[Result "0-1"]
[ECO "A34"]
[WhiteElo "2237"]
[BlackElo "2506"]
[Annotator "TA"]
[PlyCount "66"]
[EventDate "2022.06.09"]
[EventType "tourn"]
[EventCountry "SWE"]
[SourceTitle "playchess.com"]
[Source "ChessBase"]
[SourceQuality "1"]
[TimeControl "5400+30"]

1. Nf3 Nf6 2. g3 c5 3. c4 Nc6 4. Bg2 e5 5. Nc3 d6 6. d3 {[%emt 0:00:18] A34: Symmetrical English: 2 Nc3, lines with ...d5.} h6 7. a3 Be6 8. O-O {[%emt 0:05:14][%cal Ob2b4] White is slightly better.} (8. b4 $5) 8... Qd7 9. b4 {[%emt 0:08:33] [#]} cxb4 $146 ({Predecessor:} 9... Be7 10. Rb1 O-O 11. b5 Nd4 12. e3 Nxf3+ 13. Qxf3 Rab8 14. e4 Nh7 15. Qe2 f5 {1-0 (26) Chorfi,K (2095)-Onem,C (2283) ICCF email 2007}) 10. axb4 Nxb4 11. Ba3 ({White should try} 11. Qb3 $16 a5 12. Ba3) 11... Nc6 $11 12. Qa4 Be7 13. Rfb1 {[%emt 0:00:47][%cal Ob1b7] Strongly threatening Rxb7!} O-O 14. Nd2 Rab8 15. Rb2 Bh3 16. Bh1 Rfc8 17. Rab1 b6 18. Nde4 Nxe4 19. Bxe4 h5 20. Ra2 h4 21. Nd5 Bf8 22. Bc1 f5 23. Bf3 f4 24. gxf4 Qf7 ({Black should play} 24... b5 $11 25. Rxb5 Nd4 26. Rxb8 Qxa4 27. Rxa4 Nxf3+ 28. exf3 Rxb8) 25. Be3 $14 b5 $1 26. cxb5 {[%emt 0:08:43] Hoping for Rc2.} ({Inferior is} 26. Rxb5 Rxb5 27. cxb5 (27. Qxb5 $2 {perishes.} Rb8 $19) 27... Nd4 $17) 26... Be6 {[%emt 0:00:06] [#]} 27. Qe4 (27. Raa1 $1 $16) 27... Nd4 $11 28. Bxd4 Rxb5 $1 $40 {[%emt 0:00:02][%mdl 192] Deflection. White needs to defend precisely. Really sharp!} 29. Rxb5 {[%emt 0:03:36][%mdl 8192] White does not recover from this.} (29. Rab2 $11 Bxd5 30. Rxb5 Bxe4 31. Bxe4 Qxf4 32. Bxa7) 29... Rc1+ $19 {[%emt 0:02:16][%cal Bc8c1,Bc1g1,Bg1g2][%mdl 32] Black is clearly winning.} 30. Kg2 h3+ 31. Kg3 Rg1+ 32. Bg2 Qh5 33. Ne3 {[%emt 0:03:22][%cal Of4f5] Prevents Qg4+.} Rxg2+ {[%emt 0:00:07] Weighted Error Value: White=0.43/Black=0.18 (very precise)} ({Less strong is} 33... Bxa2 {[#]} 34. fxe5 $1 hxg2 35. Qg4 Qxg4+ 36. Nxg4 $16) 0-1

[Event "Uppsala GM June 2022"]
[Site "Uppsala"]
[Date "2022.06.18"]
[Round "7.2"]
[White "Von Bahr, Oskar"]
[Black "Falkevall, Axel"]
[Result "1-0"]
[ECO "B31"]
[WhiteElo "2373"]
[BlackElo "2290"]
[Annotator "TA"]
[PlyCount "57"]
[EventDate "2022.06.09"]
[EventType "tourn"]
[EventCountry "SWE"]
[SourceTitle "playchess.com"]
[Source "ChessBase"]
[SourceQuality "1"]
[TimeControl "5400+30"]

1. e4 c5 2. Nf3 Nc6 3. Bb5 g6 4. O-O Bg7 5. Re1 Nf6 6. e5 Nd5 7. Nc3 Nc7 8. Bxc6 dxc6 9. Ne4 b6 10. Nf6+ Kf8 11. Ne4 Bg4 {[%emt 0:01:23] 11...h6 is the modern continuation.} 12. d3 Bxe5 {[%emt 0:04:28] B31: Sicilian: 2...Nc6 3 Bb5 g6.} 13. Nxe5 Bxd1 14. Bh6+ Kg8 {[%emt 0:00:31][%cal Of7f6] Threatens to win with ...f6! The position is equal.} 15. Nxc6 {[%emt 0:00:18] Pair of Knights!} Bxc2 {[%emt 0:01:10] Strongly threatening ...Qd7.} 16. Nxd8 Rxd8 17. Nxc5 bxc5 18. Rxe7 Ne6 19. Rc1 Bxd3 20. Rd1 {[%emt 0:02:44][%cal Od1d3] And now Rxd3! would win.} c4 21. b3 Rb8 22. bxc4 Bxc4 {[%emt 0:02:04] [#]} 23. Rxa7 $146 {[%emt 0:00:33] Hoping for h3.} ({Predecessor:} 23. h4 Ng7 24. Rb7 Re8 25. g4 Bxa2 26. Rxa7 Bb3 27. Rdd7 Be6 28. Rd4 Rc8 29. Rc7 {1-0 (42) Skliarov,V (2376)-Hansen,C (2270) Chess.com INT 2020}) 23... Ng7 (23... Be2 $11 {keeps the balance.} 24. Re1 Bc4) 24. g4 $1 $16 {[%emt 0:04:30][%mdl 1024] White has strong compensation. White is more active.} Be2 $2 {[%emt 0:03:45] [#] This move loses the game for Black.} (24... g5 $16 {was worth a try.}) 25. Rdd7 $1 $18 Bc4 (25... Bxg4 $2 26. Rxf7 Nh5 {[#]} 27. Rg7+ $1 Nxg7 28. Rxg7+ Kf8 29. Rb7+ Ke8 30. Rxb8+ Kd7 31. Rxh8 $18) 26. h3 Ne8 (26... Kf8 {is a better defense.} 27. a4 Be6) 27. a4 Nf6 28. Rd6 Nd5 $2 (28... Be6 29. Rxe6 Rb1+ 30. Kg2 fxe6 31. Rg7+ (31. Ra8+ Kf7 $18) 31... Kf8) 29. Rad7 {[%emt 0:02:28] Weighted Error Value: White=0.14 (very precise) /Black=0.70} 1-0

[Event "Uppsala GM June 2022"]
[Site "Uppsala"]
[Date "2022.06.18"]
[Round "7.3"]
[White "Ernst, Thomas"]
[Black "Roshka, Yevgeniy"]
[Result "0-1"]
[ECO "B32"]
[WhiteElo "2300"]
[BlackElo "2468"]
[Annotator "TA"]
[PlyCount "44"]
[EventDate "2022.06.09"]
[EventType "tourn"]
[EventCountry "SWE"]
[SourceTitle "playchess.com"]
[Source "ChessBase"]
[SourceQuality "1"]
[TimeControl "5400+30"]

1. e4 c5 2. Nf3 Nc6 3. d4 cxd4 4. Nxd4 e5 5. Nb5 a6 6. Nd6+ Bxd6 7. Qxd6 Qe7 8. Qd1 Nf6 9. Nc3 d6 10. Bg5 {[%emt 0:06:27] B32: Sicilian: Löwenthal and Kalashnikov Variations.} Be6 11. Nd5 Bxd5 12. exd5 {[%emt 0:00:09] White is slightly better.} Nb8 (12... Nb4 $2 13. Bxf6 Qxf6 14. a3 $18) 13. Be2 Nbd7 14. a4 h6 15. Be3 a5 {[%emt 0:01:03] [#]} 16. Bb5 $146 ({Predecessor:} 16. c3 e4 17. Qd4 O-O 18. O-O Nc5 19. Ra3 Nfd7 20. Bb5 f5 21. b4 Na6 22. Re1 {0-1 (48) Hauge,L (2448)-Li,C (2720) Khanty-Mansiysk 2017}) 16... O-O 17. c4 Nc5 18. h3 (18. Bxc5 $14 dxc5 19. Qb3) 18... Nfe4 $15 19. Ra3 {[%emt 0:05:57] [#]} (19. O-O $142) 19... f5 $1 $17 20. O-O f4 {[%emt 0:01:13] Black is more active.} 21. Bc1 {[%emt 0:00:11] [#]} Rf5 $1 22. f3 Ng3 {[%emt 0:01:54] Weighted Error Value: White=0.28 (precise) /Black=0.04 (flawless)} 0-1

[Event "Uppsala GM June 2022"]
[Site "Uppsala"]
[Date "2022.06.18"]
[Round "7.4"]
[White "Chatalbashev, Boris"]
[Black "Larkin, Vladyslav"]
[Result "1/2-1/2"]
[ECO "E11"]
[WhiteElo "2536"]
[BlackElo "2430"]
[Annotator "TA"]
[PlyCount "174"]
[EventDate "2022.06.09"]
[EventType "tourn"]
[EventCountry "SWE"]
[SourceTitle "playchess.com"]
[Source "ChessBase"]
[SourceQuality "1"]
[TimeControl "5400+30"]

1. d4 {[%emt 0:00:45] Krasenkow,Michal} Nf6 2. c4 e6 3. Nf3 Bb4+ 4. Nbd2 a5 5. a3 Be7 6. e4 {[%emt 0:00:23][%cal Be2e4,Be4e5][%mdl 32] E11: Bogo-Indian.} d5 7. e5 Nfd7 8. cxd5 {[%emt 0:01:46] White is slightly better.} exd5 9. Nb1 Nb6 10. Nc3 Nc6 11. h3 Bf5 {[%emt 0:00:58] [#]} 12. Bb5 $146 ({Predecessor:} 12. Bd3 Bxd3 13. Qxd3 a4 14. O-O O-O 15. Re1 Qd7 16. Bg5 Nd8 17. Bxe7 Qxe7 18. Nh2 {½-½ (36) Wojtaszek,R (2744)-Ivanchuk,V (2715) Wijk aan Zee 2015 CBM 165 [Krasenkow,Michal]}) 12... O-O 13. O-O Na7 14. Be2 f6 15. exf6 Bxf6 16. Bf4 Nac8 17. Nb5 c6 18. Nc7 Ra7 19. Bd3 Qd7 20. Re1 Nc4 21. Bxf5 (21. Re2 $5 ) 21... Qxf5 22. Ne6 Re8 23. g4 Qg6 24. Qc1 a4 25. Bb8 (25. Nc5 $11) 25... Ra8 $15 26. Qf4 (26. Bf4 $15 N8d6 27. Bxd6 Nxd6 28. Kg2) 26... N8b6 27. Bc7 {[%emt 0:03:01] [#]} Nd7 28. g5 {[%emt 0:01:41] [#]} Be5 $1 29. Nxe5 (29. dxe5 Qxe6) 29... Ndxe5 30. Bxe5 Rxe6 31. Qg4 Rf8 ({Not} 31... Nxb2 32. Rab1 Nd3 33. Rxb7 $11) 32. f4 Qf5 ({Weaker is} 32... Nxb2 33. Rab1 Nd3 34. Rxb7 $15) ({Black should try} 32... h6 33. h4 h5) 33. Bc7 (33. Qxf5 $142 Rxf5 34. Rf1) 33... Qxg4+ (33... Re4 $142 {Hoping for ...Qf7.} 34. Qxf5 Rxf5 35. Rxe4 dxe4) 34. hxg4 $17 Ne3 35. Re2 Rfe8 36. Rae1 g6 (36... Kf7 {keeps more tension.} 37. f5 Re4 38. Kf2 Nc4) 37. Be5 Nxg4 38. Kg2 Nxe5 39. fxe5 $15 {[%emt 0:01:16][%mdl 4096] Endgame KRR-KRR} Kg7 40. Kg3 Rf8 41. Rh1 (41. b3 $15) 41... Rf5 ({Better is} 41... Re7 $17 {Threatens to win with ...Ref7.} 42. Rf2 Rxf2 43. Kxf2 Rf7+ 44. Ke3 Rf5) 42. Kg4 c5 (42... Kg8 $17) 43. Reh2 $11 {[%emt 0:01:01] The position is equal.} cxd4 44. Rxh7+ Kf8 (44... Kg8 $2 {leads to mate.} 45. Rh8+ Kg7 46. R1h7#) 45. Rxb7 Kg8 {[%emt 0:01:01] Inhibits Rh8+.} 46. Rb8+ Rf8 $1 47. Rxf8+ Kxf8 {[%emt 0:00:02] KR-KR} 48. Kf4 Rb6 49. Rd1 Rxb2 50. Rxd4 Rf2+ 51. Ke3 Rg2 52. Rxa4 Rxg5 53. Ra8+ Ke7 54. Kd4 {[%emt 0:00:04] Ra7+ is the strong threat.} Rg1 55. Ra7+ Ke6 56. Ra6+ Ke7 57. a4 Rd1+ 58. Kc5 Rc1+ 59. Kxd5 Rd1+ 60. Kc5 Rc1+ 61. Kb6 Rb1+ 62. Kc7 g5 63. a5 g4 64. Rg6 Rc1+ 65. Kb6 Rb1+ 66. Kc5 Ra1 67. a6 g3 68. a7 Kf7 69. Rf6+ Ke7 70. Kb6 {[%emt 0:01:00] And now Rg6 would win.} Rb1+ (70... g2 $5 71. Rg6 Rb1+ 72. Kc6 Rc1+ 73. Kd5 Rd1+ 74. Kc6 Rc1+ 75. Kb7 Rb1+ 76. Kc6 Rc1+ $16) 71. Kc7 Ra1 72. Kb7 Rb1+ 73. Kc8 Rc1+ 74. Kb8 Rb1+ 75. Kc7 Ra1 76. Kb6 {[%emt 0:00:15][%cal Of6f1] Strongly threatening Rf1!} Rb1+ (76... g2 $5 77. Rg6 Rb1+ 78. Kc6 Rc1+ 79. Kd5 Rd1+ 80. Kc6 Rc1+ 81. Kd5 Rd1+ 82. Kc6 Rc1+ $14) 77. Kc5 Ra1 78. Rg6 Kf7 79. Rxg3 {[%emt 0:00:17] White threatens Kb6 and mate.} Rxa7 80. Kd5 Ra6 81. Rb3 Ke7 82. Rb7+ Ke8 83. Rc7 Kd8 84. Rh7 Ke8 85. Ke4 Ra4+ 86. Kf5 Ra6 87. e6 {[%emt 0:00:25] Kf6 would kill now.} Ra1 {[%emt 0:00:05] And White is the lucky defender.  Weighted Error Value: White=0.12 (very precise) /Black=0.08 (flawless)} 1/2-1/2

[Event "Uppsala GM June 2022"]
[Site "Uppsala"]
[Date "2022.06.18"]
[Round "7.5"]
[White "Trost, Edvin"]
[Black "Sorensen, Hampus"]
[Result "0-1"]
[ECO "D43"]
[WhiteElo "2366"]
[BlackElo "2372"]
[Annotator "TA"]
[PlyCount "84"]
[EventDate "2022.06.09"]
[EventType "tourn"]
[EventCountry "SWE"]
[SourceTitle "playchess.com"]
[Source "ChessBase"]
[SourceQuality "1"]
[TimeControl "5400+30"]

1. d4 d5 2. c4 c6 3. Nf3 Nf6 4. Nc3 e6 5. Bg5 h6 6. Bxf6 Qxf6 7. e3 Nd7 8. Be2 dxc4 9. Bxc4 g6 10. O-O Bg7 11. e4 e5 12. d5 {[%emt 0:00:08] D43: Semi-Slav: 5 Bg5 h6.} O-O 13. dxc6 bxc6 14. h3 {[%emt 0:02:08] White is slightly better.} Rd8 15. Qe2 Nb6 16. Ba6 (16. Bb3 {with more complications.} a5 17. Qe3 a4 18. Bxf7+ Qxf7 19. Qxb6 Bxh3 20. Rad1) 16... Be6 {[%emt 0:01:56] [#]} 17. Rfc1 $146 ({Predecessor:} 17. b3 h5 18. Rac1 Bh6 19. Rc2 Rd6 20. Rd1 Bd7 21. Re1 Qe7 22. Nd1 f6 23. Nb2 {½-½ (30) Konsala,K (2455)-Tomson,H (2382) ICCF email 2014}) 17... Rd6 18. Rc2 Rad8 19. b3 Bf8 20. Nd1 h5 21. Nb2 Bh6 22. Nd3 (22. Rd1 $14) 22... Nd7 (22... Nd5 $5) 23. Re1 g5 24. Bc4 $2 (24. Nh2 $1 $11) 24... g4 $17 25. Nh2 Bxc4 (25... gxh3 26. g3 $17) 26. Rxc4 gxh3 (26... Nf8 $142 $1 27. hxg4 Rxd3 28. gxh5 Bg7) 27. g3 h4 (27... Nf8 $1 $17 28. Rc3 Bg5) 28. Ng4 Qg7 {[%emt 0:04:08] aiming for ...Nf6.} 29. Kh2 (29. Rc2 $15) 29... hxg3+ ({Black should try} 29... Nf6 $1 $17 30. Nxf6+ (30. Ngxe5 $2 Rxd3 31. Nxd3 Rxd3 $19) (30. Ndxe5 $2 hxg3+ 31. Kxg3 Nh5+ 32. Kh2 Bf4+ 33. Kh1 Bxe5 $19) 30... Qxf6) 30. fxg3 $15 Rg6 $36 {[%emt 0:01:56][%mdl 2048] Black has good play.} 31. Kxh3 (31. Ndf2 $15) 31... Nf6 ({And not} 31... Bd2 32. Rf1 $11) 32. Nxf6+ Qxf6 33. Rf1 {[%emt 0:01:23] Prevents Bf4.} Qh8 ({Weaker is} 33... Bf4 34. Nxf4 exf4 35. Rxf4 $11) (33... Qg7 $19 {and Black stays clearly on top.} 34. g4 Bg5) 34. Kg2 $17 Qg7 (34... Rdd6 $1 $17 {And now ...Qg7 would win.} 35. b4 Qg7) 35. Qf3 $2 {[%emt 0:04:58][%mdl 8192] [#]} (35. Rf3 $1 $15) 35... Rdd6 $1 $19 36. Nf2 Bf4 37. Nh1 Qh7 38. Rc2 Rh6 {[%emt 0:00:02] White must now prevent ...Rh2+.} 39. Kg1 {[%emt 0:02:00] [#] Prevents Rh2.} (39. Nf2 Rh2+ 40. Kg1) 39... Rdg6 $2 (39... Be3+ $1 40. Nf2 Rd3) 40. Re2 $2 (40. Rc3) 40... Rh3 {[%emt 0:00:38][%cal Rf4g3] Black is clearly winning.} 41. Kf2 Bg5 {[%emt 0:01:15] Hoping for ...Rf6.} 42. Ke1 Rf6 {[%emt 0:00:26] Weighted Error Value: White=0.79/Black=0.33} 0-1

[Event "Uppsala GM June 2022"]
[Site "Uppsala"]
[Date "2022.06.18"]
[Round "8.1"]
[White "Larkin, Vladyslav"]
[Black "Nilsson, Joakim"]
[Result "1-0"]
[ECO "A13"]
[WhiteElo "2430"]
[BlackElo "2237"]
[Annotator "TA"]
[PlyCount "83"]
[EventDate "2022.06.09"]
[EventType "tourn"]
[EventCountry "SWE"]
[SourceTitle "playchess.com"]
[Source "ChessBase"]
[SourceQuality "1"]
[TimeControl "5400+30"]

1. c4 e6 2. Nf3 d5 3. g3 Nf6 4. Bg2 dxc4 5. Qa4+ Bd7 6. Qxc4 {[%emt 0:00:06] A13: English Opening: 1...e6.} c5 7. Ne5 Qc8 8. Qd3 $1 {[%emt 0:00:25] The position is equal. 8.Qd3 is better than 8.0-0.} Nc6 9. Nxd7 Nxd7 10. Nc3 Be7 11. O-O O-O 12. b3 Rd8 13. Qc2 Nf6 14. Bb2 Qd7 15. d3 Rac8 16. Rac1 b6 17. Rfd1 $1 {[%emt 0:17:32] [#]} Nd4 $146 ({Predecessor:} 17... h6 18. Qb1 Ne8 19. e3 Bf6 20. a3 h5 21. Ba1 Qe7 {½-½ (48) Andersen,M (2605)-Diermair,A (2507) Batumi 2018}) 18. Qd2 Bf8 19. e3 Nc6 20. Qe2 Qe8 21. g4 Nd5 22. g5 Bd6 23. h4 Be5 24. Ne4 Bxb2 25. Qxb2 Qe7 26. a3 f5 27. gxf6 gxf6 28. Kh1 Kh8 29. Rg1 Rg8 (29... Ne5 $5 30. Qe2 f5 $15) 30. Bh3 {[%emt 0:00:51] Inhibits Rg4.} Ne5 31. Qe2 Nf7 (31... Rcf8 $15) 32. f4 ({White should try} 32. b4 $1) 32... Nd6 33. Ng3 {[%emt 0:02:19] Prevents Nf5.} (33. Nxd6 $1 $11 Qxd6 34. b4) 33... Rcf8 34. Qf2 e5 35. Qf3 {[%emt 0:05:22] Inhibits e4.} exf4 36. exf4 Qf7 37. Rce1 {[%emt 0:01:00] [#] Threatens to win with Be6.} Re8 {[%emt 0:01:39] Against Be6} 38. Rxe8 Rxe8 39. Ne4 $1 Qe7 (39... Rd8 $11) 40. Nxd6 $18 Qxd6 41. Qg2 {[%emt 0:00:20][%csl Gg1][%cal Rg2g7] [#]} Qc7 {[%emt 0:00:51] Inhibits Qg7+.} 42. Be6 {[%emt 0:00:19] Weighted Error Value: White=0.09 (flawless) /Black=0.52} 1-0

[Event "Uppsala GM June 2022"]
[Site "Uppsala"]
[Date "2022.06.18"]
[Round "8.2"]
[White "Peng, Li Min"]
[Black "Von Bahr, Oskar"]
[Result "1-0"]
[ECO "C33"]
[WhiteElo "2506"]
[BlackElo "2373"]
[Annotator "TA"]
[PlyCount "97"]
[EventDate "2022.06.09"]
[EventType "tourn"]
[EventCountry "SWE"]
[SourceTitle "playchess.com"]
[Source "ChessBase"]
[SourceQuality "1"]
[TimeControl "5400+30"]

1. e4 e5 2. f4 exf4 3. Bc4 Qh4+ 4. Kf1 d6 5. Nf3 Qh6 6. Nc3 {[%emt 0:00:44] C33: King's Gambit Accepted: 3 Nc3 and 3 Bc4.} Be6 7. Qe2 c6 (7... Nd7 $17) 8. d4 $11 {[%emt 0:00:11][%cal Oc3d5] The position is equal.} Nd7 {[%emt 0:08:40] [#]} 9. Kg1 $146 (9. Nd5 $1 $14 O-O-O 10. Bxf4) ({Predecessor:} 9. Bxe6 fxe6 10. e5 d5 11. h4 Ne7 12. g4 Qg6 13. Rg1 h5 14. gxh5 Qxh5 15. Ng5 Qxh4 {0-1 (32) Schenning,A (2015)-Reinderman,D (2571) Maarssen 2013}) 9... Bxc4 10. Qxc4 Ngf6 11. Qb3 Rb8 12. Ne2 $1 Nxe4 13. Bxf4 Qe6 14. Qd3 Be7 {[%emt 0:10:10] And now ...Rd8 would win.} 15. Nc3 f5 16. Re1 O-O 17. Nxe4 fxe4 18. Qxe4 Qxe4 19. Rxe4 Rbe8 {[%emt 0:01:18] Threatens to win with ...d5.} 20. Kf1 d5 21. Rxe7 Rxe7 22. Bd6 {[%emt 0:00:03] [#]} Rxf3+ $1 23. gxf3 {[%emt 0:00:07][%mdl 4096] Endgame KRB-KRN} Re6 24. Bg3 Kf7 25. Kf2 Kg6 26. Rg1 Kf7 27. a4 a6 28. h4 h5 29. a5 g6 30. c3 Nf6 31. Be5 Ng8 32. Kg3 c5 33. b4 cxb4 34. cxb4 Ne7 35. b5 axb5 {[%emt 0:02:22] ...Ra6 is the strong threat.} 36. Rb1 $1 Ra6 37. Rxb5 Nf5+ 38. Kf4 {[%emt 0:00:16] aiming for Kg5.} Nxh4 39. Rxb7+ Ke8 40. Rb5 {[%emt 0:00:28] White is more active.} (40. Rb8+ $16 Kd7 41. Rb5) 40... Ng2+ $2 {[%emt 0:00:35] Black cannot hold the game after this.} (40... g5+ $1 $11 41. Kxg5 Nxf3+ 42. Kxh5 Nxe5 43. dxe5 Kd7) 41. Kg5 $18 Ne1 42. Rb3 ({Inferior is} 42. Rxd5 Nxf3+ 43. Kf4 Nxe5 44. Kxe5 (44. dxe5 Ke7 $11) 44... Ke7 $11) 42... Kf7 $2 (42... Kd7 43. Re3 Nc2) 43. f4 Rxa5 $2 (43... Ra7 44. Re3 Nc2) 44. Rb7+ {[%emt 0:00:07][%mdl 64] Deflection} Ke8 45. Kxg6 h4 46. f5 {[%emt 0:00:39] White wants to mate with f6.} Ra2 47. f6 {[%emt 0:00:41] White mates.} Rg2+ 48. Kf5 Rf2+ 49. Ke6 {[%emt 0:00:05] Weighted Error Value: White=0.09 (flawless) /Black=0.35} 1-0